 Dungeon Crawl Stone Soup version 0.19-a0-700-gd2fa977 (webtiles) character file.

129 Ordine the Transmogrifier (level 5, 0/33 HPs)
             Began as an Octopode Transmuter on June 19, 2016.
             Succumbed to an adder's poison
             ... on level 2 of the Dungeon.
             The game lasted 00:04:37 (2029 turns).

Ordine the Transmogrifier (Octopode Transmuter)     Turns: 2029, Time: 00:04:38

Health: 0/33       AC:  1    Str:  9    XL:     5   Next: 12%
Magic:  8/8        EV: 12    Int: 16    God:
Gold:   144        SH:  0    Dex: 13    Spells: 2 memorised, 4 levels left

rFire  + . .     SeeInvis .       - Unarmed
rCold  + . .     Gourm    .     (no shield)
rNeg   . . .     Faith    .     (helmet restricted)
rPois  +         Spirit   .     (no amulet)
rElec  +         Dismiss  .     (no ring)
rCorr  +         Reflect  .     (no ring)
SustAt .         Harm     .     (no ring)
MR     .....                    (no ring)
Stlth  ++++++....               (no ring)
                                (no ring)
                                (no ring)
                                (no ring)

@: lethally poisoned (0 -> -12), about to teleport, resistant, not resistant to
hostile enchantments, very stealthy
A: almost no armour, amphibious, 8 rings, constrict 8, camouflage 1, gelatinous
body 1
a: no special abilities


You were on level 2 of the Dungeon.
You were hungry.

You visited 1 branch of the dungeon, and saw 2 of its levels.

You collected 144 gold pieces.

Inventory:

Scrolls
 a - a scroll of enchant armour
 e - a scroll of teleportation
Potions
 g - a potion of brilliance
 i - a potion of cure mutation
Books
 b - a book of Changes

   Spells                             Type                      Level
   a - Beastly Appendage              Transmutation                1
   b - Sticks to Snakes               Transmutation                2
   c - Spider Form                    Transmutation/Poison         3
   d - Ice Form                       Ice/Transmutation            4
   e - Blade Hands                    Transmutation                5
Comestibles
 c - a bread ration
 h - 3 chunks of flesh


   Skills:
 - Level 1.0 Fighting
 - Level 2.0 Dodging
 + Level 9.9 Stealth
 - Level 3.0 Unarmed Combat
 - Level 2.0 Spellcasting
 * Level 10.0 Transmutations


You had 4 spell levels left.
You knew the following spells:

 Your Spells              Type           Power        Failure   Level  Hunger
a - Spider Form           Tmut/Pois      ###.......   10%         3    ###....
i - Beastly Appendage     Tmut           ####..       1%          1    #......


Dungeon Overview and Level Annotations

Branches:
Dungeon (2/15)

Altars:
Xom


Innate Abilities, Weirdness & Mutations

You cannot wear most types of armour.
You are amphibious.
You can wear up to eight rings at the same time.
You can use your tentacles to constrict eight enemies at once.
Your skin changes colour to match your surroundings (Stealth+).
Your rubbery body absorbs attacks. (AC +1)


Message History

You feel sick. The bat hits you.
* * * LOW HITPOINT WARNING * * *
The bat hits you.
* * * LOW HITPOINT WARNING * * *
The adder barely misses you. The adder bites you.
* * * LOW HITPOINT WARNING * * *
Unknown command.
As you read the scroll of teleportation, it crumbles to dust.
You feel strangely unstable.
* * * LOW HITPOINT WARNING * * *
You feel sick. The bat hits you.
* * * LOW HITPOINT WARNING * * *
The adder bites you.
* * * LOW HITPOINT WARNING * * *
You are more poisoned.
The adder poisons you! The adder misses you.
You barely miss the adder. Your grab misses the adder.
Your squeeze misses the adder.
The adder is lightly wounded.
You die...

.# #.).........# .#
#...........# .#
#...........# .#
#......(....# ##
#...........# ##########
#.......[..?# #
#........###b..........#
.
+...........gSS.....>###
# #............@##.#####
#..(.........##.≈_##
##.###......##♣..≈≈# #.#
#......#.._.≈≈♣# #.#
#......#♣..≈._.### # #.#
#........≈._≈.... # #.#
#......#...###≈# # #.#
#.....##≈≈≈....# # #.#
#.....###...≈.## .#


You could see 2 adders, a goblin and a bat.

Vanquished Creatures
  An ooze (D:1)
  A dart slug (D:1)
  A giant gecko (D:2)
  5 giant cockroaches
  4 goblins
  6 hobgoblins
  7 jackals
  7 kobolds
  7 bats
  3 giant newts
  10 rats
52 creatures vanquished.

Notes
Turn   | Place    | Note
--------------------------------------------------------------
     0 | D:1      | Ordine the Octopode Transmuter began the quest for the Orb.
     0 | D:1      | Reached XP level 1. HP: 13/13 MP: 3/3
   112 | D:1      | Reached skill level 1 in Stealth
   112 | D:1      | Reached XP level 2. HP: 6/18 MP: 5/5
   738 | D:1      | Reached XP level 3. HP: 8/23 MP: 6/6
   742 | D:1      | Reached skill level 3 in Transmutations
   930 | D:1      | Learned a level 3 spell: Spider Form
  1473 | D:2      | Found a shimmering altar of Xom.
  1475 | D:2      | Found a shimmering altar of Xom.
  1476 | D:2      | Found a shimmering altar of Xom.
  1478 | D:2      | Found a shimmering altar of Xom.
  1802 | D:2      | Reached XP level 4. HP: 28/28 MP: 7/7
  2026 | D:2      | Reached skill level 10 in Transmutations
  2026 | D:2      | Reached XP level 5. HP: 21/33 MP: 8/8
  2028 | D:2      | HP: 1/33 [adder (3)]
  2029 | D:2      | Succumbed to an adder's poison

Vault maps used:
D:1:      nagdon_arrival_zigzag_paths, corexii_corridor_pit
D:2:      xom_redecorated

Skill      XL: |  1  2  3  4 |
---------------+-------------+-----
Stealth        | 1 2 9 |  9.9
Transmutations | 3 10 | 10.0
Fighting       | |  1.0
Dodging        | |  2.0
Unarmed Combat | |  3.0
Spellcasting   | |  2.0

Action                   |  1- 3 |  4- 6 || total
-------------------------+-------+-------++-------
Melee: Unarmed           |   104 |    22 ||   126
       Constrict         |    27 |     4 ||    31
       Punch             |     3 |     1 ||     4
       Tentacles         |    13 |     7 ||    20
  Use: Scroll            |     6 |     2 ||     8
       Potion            |       |     2 ||     2
 Stab: Sleeping          |     3 |       ||     3
  Eat: Chunk             |     3 |       ||     3
Armor: Skin              |    11 |     2 ||    13
Dodge: Dodged            |    57 |    26 ||    83
